 Dungeon Crawl Stone Soup version 0.30.0-5-g1a98f26d00 (webtiles) character file.

Game seed: 1748448066203455946

137 LaggoTC the Firebug (level 5, -1/31 HPs)
             Began as an Octopode Fire Elementalist on May 10, 2023.
             Slain by a gnoll
             ... wielding a +0 spear
              (6 damage)
             ... on level 3 of the Dungeon.
             The game lasted 00:10:22 (2391 turns).

LaggoTC the Firebug (Octopode Fire Elementalist)    Turns: 2391, Time: 00:10:25

Health: -1/31      AC:  1    Str:  7    XL:     5   Next: 20%
Magic:  9/10       EV: 13    Int: 20    God:
Gold:   138        SH:  0    Dex: 12    Spells: 9/10 levels left

rFire   . . .        (no weapon)
rCold   . . .        (no shield)
rNeg    . . .        (helmet restricted)
rPois   .            f - amulet of magic regeneration
rElec   .            (no ring)
rCorr   .            (no ring)
SInv    .            (no ring)
Will    .....        (no ring)
Stlth   +++          (no ring)
HPRegen 0.25/turn    (no ring)
MPRegen 0.52/turn    (no ring)
                     (no ring)

%: no passive effects
@: no status effects
A: almost no armour, amphibious, 8 rings, camouflage 1, gelatinous body 1,
(nimble swimmer 1), tentacles
a: no special abilities


You were on level 3 of the Dungeon.
You visited 1 branch of the dungeon, and saw 3 of its levels.

You collected 138 gold pieces.

Inventory:

Jewellery
 f - an amulet of magic regeneration (around mantle)
 l - an amulet of guardian spirit
Wands
 n - a wand of paralysis (3)
Scrolls
 c - a scroll of butterflies {unknown}
 d - a scroll of teleportation {unknown}
 e - a scroll of silence {unknown}
 g - a scroll of acquirement {unknown}
 h - 2 scrolls of vulnerability {unknown}
 i - 2 scrolls of enchant weapon {unknown}
 k - a scroll of magic mapping {unknown}
 m - a scroll of fear {unknown}
Potions
 a - a potion of magic
 b - 2 potions of might {unknown}
 j - a potion of curing {unknown}


   Skills:
 + Level 2.4 Dodging
 * Level 3.8 Stealth
 * Level 3.4 Spellcasting
 - Level 1.0 Conjurations
 + Level 4.0 Fire Magic


You had 9 spell levels left.
You knew the following spells:

 Your Spells              Type           Power      Damage    Failure   Level
a - Foxfire               Conj/Fire      52%        2x1d6     4%          1

Your spell library contained the following spells:

 Spells                   Type           Power      Damage    Failure   Level
 Scorch                   Fire           38%        2d7       3%          2
 Sandblast                Erth           6%         2d5       14%         1
 Inner Flame              Hex/Fire       11%        N/A       19%         3
 Volatile Blastmotes      Fire/Tloc      22%        2d11      19%         3
 Ensorcelled Hibernation  Hex/Ice        6%         N/A       21%         2
 Passwall                 Tmut/Erth      2%         N/A       21%         2
 Stone Arrow              Conj/Erth      10%        3d7       32%         3
 Spider Form              Tmut/Pois      3%         N/A       38%         3
 Flame Wave               Conj/Fire      13%        2d6       43%         4
 Anguish                  Hex/Necr       1%         N/A       80%         4


Dungeon Overview and Level Annotations

Branches:
Dungeon (3/15)

Altars:


Innate Abilities, Weirdness & Mutations

You cannot wear most types of armour.
You are amphibious.
You can wear up to eight rings at the same time.
Your skin changes colour to match your surroundings (Stealth+).
Your rubbery body absorbs attacks. (AC +1, EV +1)
((You are camouflaged when in or above water. (Stealth+)))
You have tentacles for arms and can constrict up to eight enemies at once.


Message History

* * * LOW HITPOINT WARNING * * *
The foxfire hits the gnoll.
The gnoll is severely wounded.
The foxfire hits the gnoll.
The gnoll is severely wounded.
Casting: Foxfire (safe; 4% risk of failure)
Confirm with . or Enter, or press ? or * to list all spells.
You conjure some foxfire!
The walls and floor vibrate strangely for a moment.
The gnoll hits you from afar with a +0 spear.
* * * LOW HITPOINT WARNING * * *
Your foxfire dissipates!
The foxfire hits the gnoll.
The gnoll is almost dead.
Casting: Foxfire (safe; 4% risk of failure)
Confirm with . or Enter, or press ? or * to list all spells.
You conjure some foxfire!
The gnoll closely misses you.
Your foxfire dissipates!
A ball python comes into view.
The foxfire hits the gnoll.
The gnoll is almost dead.
Casting: Foxfire (safe; 4% risk of failure)
Confirm with . or Enter, or press ? or * to list all spells.
You conjure some foxfire!
The foxfire hits the gnoll but does no damage.
The gnoll misses you.
The foxfire hits the gnoll.
The gnoll is heavily wounded.
Casting: Foxfire (safe; 4% risk of failure)
Confirm with . or Enter, or press ? or * to list all spells.
You don't know that spell.
Sorry, you're not good enough to have a special ability.
Casting: Foxfire (safe; 4% risk of failure)
Confirm with . or Enter, or press ? or * to list all spells.
You conjure some foxfire!
The ball python hisses angrily.
The foxfire hits the ball python.
You kill the ball python!
The gnoll hits you from afar with a +0 spear.
You die...

.....# #..................## #
#... #..........>##.....## ###.#
...#######..##.#.......# ....#
#....(.................. .#..#
#.########..#........... ...w###
#.###### ##............. ...)..##
..##.......#..##....#.# ....(..##
#.##.#####.##.....#....
......).###.##.g@v........#.)##.#
..........w...g#####.#######.##.#
...†....#......# #.# #....#
..........#.#### ###.#..#
.#..†..[...... ######...##..
#....#.####.### #.......#....
.......# ... #.......#.##.
.....#[# .... ..)..........
.....#.##...... .............


You could see a worm and 2 gnolls.

Vanquished Creatures
  2 gnolls (D:3)
  5 adders
  3 worms
  A dart slug (D:3)
  An orc (D:3)
  5 ball pythons
  5 endoplasms
  6 giant cockroaches
  6 goblins
  3 jackals (D:2)
  4 kobolds
  5 quokkas
  6 bats
  3 frilled lizards (D:2)
  6 rats
61 creatures vanquished.

Vanquished Creatures (others)
  183 foxfires
183 creatures vanquished.

Grand Total: 244 creatures vanquished

Notes
Turn   | Place    | Note
-------+----------+-------------------------------------------
     0 | D:1      | LaggoTC the Octopode Fire Elementalist began the quest for
                  | the Orb.
     0 | D:1      | Reached XP level 1. HP: 11/11 MP: 3/3
   260 | D:1      | Reached XP level 2. HP: 17/17 MP: 0/5
   885 | D:2      | Reached XP level 3. HP: 21/21 MP: 2/6
  1716 | D:3      | Reached XP level 4. HP: 27/27 MP: 8/8
  1816 | D:3      | Reached skill level 4 in Fire Magic
  2130 | D:3      | Found a glowing drain.
  2187 | D:3      | Identified the +4 short sword "Concordance" {protect, MP+9
                  | Dex+3}
  2263 | D:3      | Reached XP level 5. HP: 17/31 MP: 7/9
  2391 | D:3      | Slain by a gnoll

Illustrated notes

Levels and vault maps discovered:
D:1:      elethiomel_arrival_infinity_welcomes_careful_drivers, layout_rooms,
          moated_statue
D:2:      layout_rooms, nicolae_concentric_dashed_squares_wild
D:3:      layout_rooms, mainiacjoe_overflow_swirl, portal_sewer_entry_f,
          hellmonk_ecumenical_altar_blasted

Skill      XL: |  1  2  3  4 |
---------------+-------------+-----
Stealth        | 3 |  3.8
Fire Magic     | 4 |  4.0
Spellcasting   | 3 |  3.4
Dodging        | |  2.4
Conjurations   | |  1.0

Action                     |  1- 3 |  4- 6 || total
---------------------------+-------+-------++-------
  Melee: Unarmed           |     1 |     1 ||     2
         Tentacles         |     1 |       ||     1
         Constrict         |       |     1 ||     1
   Cast: Foxfire           |    70 |    57 ||   127
 Armour: Skin              |     4 |     4 ||     8
  Dodge: Dodged            |    19 |    22 ||    41
